Workbook
Name JR_PAGE_ANCHOR_0_1: CALCULO!#REF!
Name JR_PAGE_ANCHOR_0_1: ORCAMENTO!#REF!

Sheet BDI
B2: COMPOSIÇÃO DO BDI
B4: PROPONENTE: PREFEITURA MUNICIPAL DE JEQUITAÍ- MG
B5: OBRA: | C5: 8ª ETAPA DA CONSTRUÇÃO DO PRÉDIO LEGISLATIVO DA CÂMARA MUNICIPAL DE JEQUITAÍ | H5: DATA: 12/08/2026
B6: LOCAL: PRAÇA JOSÉ BONIFÁCIO DE ANDRADA | H6: MUNICÍPIO: JEQUITAÍ
B26: RESPONSÁVEL TÉCNICO: | F26: RESPONSÁVEL LEGAL:
B27: _____________________________________ GERALDO DIAS PEREIRA JÚNIOR ENGENHEIRO CIVIL CREA-MG 248.562/D | F27: _____________________________________ CÂMARA MUNICIPAL DE JEQUITAÍ CNPJ nº 00.086.457/0001-60

Sheet CALCULO
A1: MEMÓRIA DE CÁLCULO
A2: OBRA: 8ª ETAPA DA CONSTRUÇÃO DO PRÉDIO LEGISLATIVO DA CÂMARA MUNICIPAL DE JEQUITAÍ | G2: LOCAL: PRAÇA JOSÉ BONIFÁCIO DE ANDRADA | J2: DATA: 12/08/2026
A3: REGIÃO/MÊS DE REFERÊNCIA: SINAPI 06/2026 - SICOR 04/2026 NORTE - SUDECAP 04/2026 - ORSE 04/2026 - GOINFRA CIVIL 04/2026 - SICRO 04/2026 | I3: PRAZO DE EXECUÇÃO: 90 DIAS
A4: ITEM | B4: FONTE | C4: CÓDIGO | D4: DESCRIÇÃO | I4: UND | J4: QUANTIDADE
A5: 1 | D5: SERVIÇOS PRELIMINARES
A6: 1.1 | B6: SUDECAP | C6: 83.17.31 | D6: PLACA 3,00 X 2,00M LONA, IMPRESSÃO DIGITAL, ESTRUTURA METALON 20 X 20CM | I6: UN | J6: =I8 -> 0.25
A7: NA OBRA | E7: NO ITEM | I7: RELAÇÃO
A8: LARGURA | B8: COMPRIMENTO | C8: ÁREA | E8: LARGURA | F8: COMPRIMENTO | G8: ÁREA | I8: =C9/G9 -> 0.25
A9: 1 | B9: 1.5 | C9: =ROUND(A9*B9,2) -> 1.5 | E9: 2 | F9: 3 | G9: =ROUND(E9*F9,2) -> 6
A11: 1.2 | B11: SINAPI | C11: 98458 | D11: TAPUME COM COMPENSADO DE MADEIRA. AF_03/2024 | I11: M2 | J11: =C14 -> 7.48
A12: FECHAMENTO NA CIRCULAÇÃO ENTRE A ÁREA JÁ FINALIZADA E A ÁREA QUE SERÁ EXECUTADA NESTA ETAPA
A13: LARGURA | B13: ALTURA | C13: ÁREA
A14: 2.2 | B14: 3.4 | C14: =ROUND(A14*B14,2) -> 7.48
A16: 1.3 | B16: SICOR | C16: ED-48435 | D16: DEMOLIÇÃO MANUAL DE ALVENARIA DE TIJOLO CERÂMICO OU BLOCO DE CONCRETO, INCLUSIVE AFASTAMENTO E EMPILHAMENTO, EXCLUSIVE TRANSPORTE E RETIRADA DO MATERIAL DEMOLIDO | I16: M3 | J16: =E19 -> 0.25
A17: DEMOLIÇÃO DE ALVENARIA PARA ABERTURA DE VÃO DE PORTA NO GABINETE DO PRESIDENTE
A18: LARGURA | B18: ALTURA | C18: ÁREA | D18: ESPESSURA | E18: VOLUME
A19: 0.8 | B19: 2.1 | C19: =ROUND(A19*B19,2) -> 1.68 | D19: 0.15 | E19: =ROUND(C19*D19,2) -> 0.25
A21: 2 | D21: ÁREA INTERNA
A22: 2.1 | D22: PISO
A23: 2.1.1 | B23: SINAPI | C23: 97083 | D23: COMPACTAÇÃO MECÂNICA DE SOLO PARA EXECUÇÃO DE RADIER, PISO DE CONCRETO OU LAJE SOBRE SOLO, COM COMPACTADOR DE SOLOS A PERCUSSÃO. AF_09/2021 | I23: M2 | J23: 104.43
A24: 2.1.2 | B24: SINAPI | C24: 95241 | D24: LASTRO DE CONCRETO MAGRO, APLICADO EM PISOS, LAJES SOBRE SOLO OU RADIERS, ESPESSURA DE 5 CM. AF_01/2024 | I24: M2 | J24: =J23 -> 104.43
A25: 2.1.3 | B25: SICOR | C25: ED-50566 | D25: CONTRAPISO DESEMPENADO COM ARGAMASSA, TRAÇO 1:3 (CIMENTO E AREIA), ESP. 20MM, INCLUSIVE ARGAMASSA COM PREPARO MECANIZADO | I25: m2 | J25: =J24 -> 104.43
A26: 2.1.4 | B26: SINAPI | C26: 87263 | D26: REVESTIMENTO CERÂMICO PARA PISO COM PLACAS TIPO PORCELANATO DE DIMENSÕES 60X60 CM APLICADA EM AMBIENTES DE ÁREA MAIOR QUE 10 M². AF_02/2023_PE | I26: M2 | J26: =J25 -> 104.43
A27: 2.1.5 | B27: SICOR | C27: ED-50771 | D27: RODAPÉ COM REVESTIMENTO EM CERÂMICA ESMALTADA COMERCIAL, ALTURA 10CM, PEI IV, ASSENTAMENTO COM ARGAMASSA INDUSTRIALIZADA, INCLUSIVE REJUNTAMENTO | I27: m | J27: 126.41
A28: 2.1.6 | B28: SICOR | C28: ED-51002 | D28: SOLEIRA DE GRANITO, COR CINZA ANDORINHA, ESP. 2CM, ACABAMENTO POLIDO, ASSENTAMENTO COM ARGAMASSA INDUSTRIALIZADA, INCLUSIVE REJUNTAMENTO | I28: m2 | J28: =E30 -> 0.16
A29: LOCAL | C29: COMPRIMENTO | D29: LARGURA | E29: ÁREA
A30: GABINETE PRESIDENTE | C30: 0.82 | D30: 0.2 | E30: =ROUND(C30*D30,2) -> 0.16
A32: 2.2 | D32: REVESTIMENTOS DE PAREDES
A33: 2.2.1 | B33: SICOR | C33: ED-50727 | D33: CHAPISCO COM ARGAMASSA, TRAÇO 1:3 (CIMENTO E AREIA), ESP. 5MM, APLICADO EM ALVENARIA/ESTRUTURA DE CONCRETO COM COLHER, INCLUSIVE ARGAMASSA COM PREPARO MECANIZADO | I33: m2 | J33: =F45 -> 344.19
A34: LOCAL | C34: PERÍMETRO | D34: ALTURA | E34: DESCONTO | F34: ÁREA
A35: GABINETE PRESIDENTE | C35: 15.57 | D35: 3.4 | E35: =ROUND(0.8*2.1,2) -> 1.68 | F35: =ROUND((C35*D35)-E35,2) -> 51.26
A36: GABINETE 01 | C36: 8.42 | D36: 3.4 | E36: =ROUND(0.8*2.1,2) -> 1.68 | F36: =ROUND((C36*D36)-E36,2) -> 26.95
A37: GABINETE 02 | C37: 8.47 | D37: 3.4 | E37: =ROUND(0.7*2.1,2) -> 1.47 | F37: =ROUND((C37*D37)-E37,2) -> 27.33
A38: GABINETE 03 | C38: 8.46 | D38: 3.4 | E38: =ROUND(0.8*2.1,2) -> 1.68 | F38: =ROUND((C38*D38)-E38,2) -> 27.08
A39: GABINETE 04 | C39: 8.34 | D39: 3.4 | E39: =ROUND(0.8*2.1,2) -> 1.68 | F39: =ROUND((C39*D39)-E39,2) -> 26.68
A40: GABINETE 05 | C40: 8.46 | D40: 3.4 | E40: =ROUND(0.8*2.1,2) -> 1.68 | F40: =ROUND((C40*D40)-E40,2) -> 27.08
A41: GABINETE 06 | C41: 8.47 | D41: 3.4 | E41: =ROUND(0.8*2.1,2) -> 1.68 | F41: =ROUND((C41*D41)-E41,2) -> 27.12
A42: GABINETE 07 | C42: 8.62 | D42: 3.4 | E42: =ROUND(0.8*2.1,2) -> 1.68 | F42: =ROUND((C42*D42)-E42,2) -> 27.63
A43: GABINETE 08 | C43: 9.27 | D43: 3.4 | E43: =ROUND(0.8*2.1,2) -> 1.68 | F43: =ROUND((C43*D43)-E43,2) -> 29.84
A44: CIRCULAÇÃO | C44: 25.92 | D44: 3.4 | E44: =ROUND(8*0.8*2.1+0.7*2.1,2) -> 14.91 | F44: =ROUND((C44*D44)-E44,2) -> 73.22
E45: TOTAL | F45: =SUM(F35:F44) -> 344.19
A47: 2.2.2 | B47: SICOR | C47: ED-50759 | D47: REBOCO COM ARGAMASSA, TRAÇO 1:7 (CIMENTO E AREIA), ESP. 20MM, APLICAÇÃO MANUAL, INCLUSIVE ARGAMASSA COM PREPARO MECANIZADO, EXCLUSIVE CHAPISCO | I47: m2 | J47: =J33 -> 344.19
A48: 2.3 | D48: INSTALAÇÕES ELÉTRICAS
A49: 2.3.1 | B49: SICOR | C49: ED-48946 | D49: CABO ISOLADO DE COBRE FLEXÍVEL, CLASSE 5, ISOLAMENTO TIPO LSHF/ATOX, NÃO HALOGENADO E ANTICHAMA, DIÂMETRO DA SEÇÃO DE 1,5MM2, TEMPERATURA DE TRABALHO 70°C, TENSÃO NOMINAL DE OPERAÇÃO 450/750V | I49: m | J49: 182.57
A50: 2.3.2 | B50: SICOR | C50: ED-48951 | D50: CABO ISOLADO DE COBRE FLEXÍVEL, CLASSE 5, ISOLAMENTO TIPO LSHF/ATOX, NÃO HALOGENADO E ANTICHAMA, DIÂMETRO DA SEÇÃO DE 2,5MM2, TEMPERATURA DE TRABALHO 70°C, TENSÃO NOMINAL DE OPERAÇÃO 450/750V | I50: m | J50: 838.31
A51: 2.3.3 | B51: SINAPI | C51: 93653 | D51: DISJUNTOR MONOPOLAR TIPO DIN, CORRENTE NOMINAL DE 10A - FORNECIMENTO E INSTALAÇÃO. AF_07/2025 | I51: UN | J51: 3
A52: 2.3.4 | B52: SINAPI | C52: 93654 | D52: DISJUNTOR MONOPOLAR TIPO DIN, CORRENTE NOMINAL DE 16A - FORNECIMENTO E INSTALAÇÃO. AF_07/2025 | I52: UN | J52: 2
A53: 2.3.5 | B53: SICOR | C53: ED-34473 | D53: DISJUNTOR BIPOLAR TIPO DIN, CORRENTE NOMINAL DE 10A, FORNECIMENTO E INSTALAÇÃO, INCLUSIVE TERMINAL ILHÓS | I53: un | J53: 9
A54: 2.3.6 | B54: SUDECAP | C54: 11.06.02 | D54: ELETRODUTO CORRUGADO DE PVC NORMAL, DN 25MM (3/4"), INSTALADO EM FORRO REF 91834 | I54: M | J54: 242.43
A55: 2.3.7 | B55: SICOR | C55: ED-49190 | D55: CAIXA DE LIGAÇÃO/PASSAGEM EM PVC RÍGIDO PARA ELETRODUTO, OCTOGONAL COM FUNDO FIXO REFORÇADO, DIMENSÃO 4"X4", EMBUTIDA EM LAJE, INCLUSIVE FIXAÇÃO | I55: un | J55: 17
A56: 2.3.8 | B56: GOINFRA CIVIL | C56: 071649 | D56: LUMINÁRIA PLAFON LED QUADRADA DE EMBUTIR, 30W, 40X40 CM (MEDIDAS APROXIMADAS) - INCLUSO CORTE NO FORRO | I56: un | J56: 10
A57: 2.3.9 | B57: ORSE | C57: S13672 | D57: Luminária plafon de embutir em LED 29.5x29.5 cm, 24w 4000K bivolt, Avant ou similar | I57: un | J57: 7
A58: 2.3.10 | B58: SICOR | C58: ED-5614 | D58: SUPORTE PARA PLACA 4"X2" PARA TRÊS (3) MÓDULOS, INCLUSIVE PARAFUSOS PARA FIXAÇÃO, FORNECIMENTO E INSTALAÇÃO, EXCLUSIVE PLACA E MÓDULO | I58: un | J58: 61
A59: 2.3.11 | B59: SICOR | C59: ED-5620 | D59: PLACA 4"X2" PARA UM (1) MÓDULO, INCLUSIVE FORNECIMENTO E INSTALAÇÃO, EXCLUSIVE SUPORTE E MÓDULO | I59: un | J59: 52
A60: 2.3.12 | B60: SICOR | C60: ED-5615 | D60: MÓDULO INTERRUPTOR SIMPLES, CORRENTE 10A, TENSÃO 250V, (10A-250V), INCLUSIVE FORNECIMENTO E INSTALAÇÃO, EXCLUSIVE PLACA E SUPORTE | I60: un | J60: 10
... A62: 2.3.14 | B62: SUDECAP | C62: 11.30.50 | D62: PLACA TERMOPLÁSTICA 2X4" COM FURO CENTRAL PIAL/EQUIVALENTE | I62: UN | J62: 9
A63: 2.4 | D63: ESQUADRIAS
A64: 2.4.1 | B64: SINAPI | C64: 90842 | D64: KIT DE PORTA DE MADEIRA PARA PINTURA, SEMI-OCA (LEVE OU MÉDIA), PADRÃO MÉDIO, 70X210CM, ESPESSURA DE 3,5CM, ITENS INCLUSOS: DOBRADIÇAS, MONTAGEM E INSTALAÇÃO DO BATENTE, FECHADURA COM EXECUÇÃO DO FURO - FORNECIMENTO E INSTALAÇÃO. AF_10/2025 | I64: UN | J64: 1
A65: 2.4.2 | B65: SINAPI | C65: 90845 | D65: KIT DE PORTA DE MADEIRA PARA PINTURA, MACIÇA (PESADA OU SUPERPESADA), PADRÃO MÉDIO, 80X210CM, ESPESSURA DE 3,5CM, ITENS INCLUSOS: DOBRADIÇAS, MONTAGEM E INSTALAÇÃO DO BATENTE, FECHADURA COM EXECUÇÃO DO FURO - FORNECIMENTO E INSTALAÇÃO. AF_10/2025 | I65: UN | J65: 8
A66: 2.4.3 | B66: SICOR | C66: ED-23034 | D66: PORTA METÁLICA, TIPO DE ABRIR, COM UMA (1) FOLHA, EM CHAPA GALVANIZADA LAMBRIL, MODELO QUADRADO, INCLUSIVE PINTURA ANTICORROSIVA A BASE DE ÓXIDO DE FERRO (ZARCÃO), UMA (1) DEMÃO, FORNECIMENTO E ASSENTAMENTO, EXCLUSIVE FECHADURA E DOBRADIÇA | I66: m2 | J66: =E68 -> 1.68
A67: LOCAL | C67: LARGURA | D67: ALTURA | E67: ÁREA
A68: GABINETE PRESIDENTE | C68: 0.8 | D68: 2.1 | E68: =ROUND(C68*D68,2) -> 1.68
A70: 2.5 | D70: FORRO
A71: 2.5.1 | B71: SICOR | C71: ED-49686 | D71: FORRO EM CHAPA DE GESSO ACARTONADA, ESP. 12,5MM, COM FIXAÇÃO DO TIPO ESTRUTURADA EM PERFIL METÁLICO, EXCLUSIVE PERFIL TABICA, SANCA E MOLDURA, INCLUSIVE ACESSÓRIOS E FIXAÇÃO | I71: m2 | J71: =J23 -> 104.43
A72: 2.5.2 | B72: SINAPI | C72: 00039428 | D72: PERFIL TABICA FECHADA, LISA, FORMATO Z, EM ACO GALVANIZADO NATURAL, LARGURA TOTAL NA HORIZONTAL *40* MM, PARA ESTRUTURA FORRO DRYWALL | I72: M | J72: 141.24
A73: 2.6 | D73: PINTURA
A74: 2.6.1 | B74: ORSE | C74: S02344 | D74: Preparo de superfície com lixamento de paredes e tetos | I74: m2 | J74: =F87 -> 472.64
A75: LOCAL | C75: PERÍMETRO | D75: ALTURA | E75: DESCONTO | F75: ÁREA
A76: GABINETE PRESIDENTE | C76: 22.57 | D76: 3.2 | E76: =ROUND(0.8*2.1+1.5*1.1,2) -> 3.33 | F76: =ROUND((C76*D76)-E76,2) -> 68.89
A77: GABINETE 01 | C77: 11.93 | D77: 3.2 | E77: =ROUND(0.8*2.1+1.5*1.1,2) -> 3.33 | F77: =ROUND((C77*D77)-E77,2) -> 34.85
A78: GABINETE 02 | C78: 10.92 | D78: 3.2 | E78: =ROUND(0.7*2.1+1.5*1.1,2) -> 3.12 | F78: =ROUND((C78*D78)-E78,2) -> 31.82
A79: GABINETE 03 | C79: 10.91 | D79: 3.2 | E79: =ROUND(0.8*2.1+1.5*1.1,2) -> 3.33 | F79: =ROUND((C79*D79)-E79,2) -> 31.58
A80: GABINETE 04 | C80: 10.67 | D80: 3.2 | E80: =ROUND(0.8*2.1+1.5*1.1,2) -> 3.33 | F80: =ROUND((C80*D80)-E80,2) -> 30.81
A81: GABINETE 05 | C81: 10.9 | D81: 3.2 | E81: =ROUND(0.8*2.1+1.5*1.1,2) -> 3.33 | F81: =ROUND((C81*D81)-E81,2) -> 31.55
A82: GABINETE 06 | C82: 10.92 | D82: 3.2 | E82: =ROUND(0.8*2.1+1.5*1.1,2) -> 3.33 | F82: =ROUND((C82*D82)-E82,2) -> 31.61
A83: GABINETE 07 | C83: 11.93 | D83: 3.2 | E83: =ROUND(0.8*2.1+1.5*1.1,2) -> 3.33 | F83: =ROUND((C83*D83)-E83,2) -> 34.85
A84: GABINETE 08 | C84: 12.36 | D84: 3.2 | E84: =ROUND(0.8*2.1+1.5*1.1,2) -> 3.33 | F84: =ROUND((C84*D84)-E84,2) -> 36.22
A85: CIRCULAÇÃO | C85: 18.12 | D85: 3.2 | E85: =ROUND(8*0.8*2.1+0.7*2.1+2.2*3.2,2) -> 21.95 | F85: =ROUND((C85*D85)-E85,2) -> 36.03
A86: FORRO DE GESSO | F86: =J71 -> 104.43
E87: TOTAL | F87: =SUM(F76:F86) -> 472.64
A89: 2.6.2 | B89: SINAPI | C89: 88485 | D89: FUNDO SELADOR ACRÍLICO, APLICAÇÃO MANUAL EM PAREDE, UMA DEMÃO. AF_04/2023 | I89: M2 | J89: =J74-J92 -> 368.21
A90: 2.6.3 | B90: SICOR | C90: ED-50477 | D90: EMASSAMENTO EM PAREDE COM MASSA CORRIDA (PVA), UMA (1) DEMÃO, INCLUSIVE LIXAMENTO PARA PINTURA | I90: m2 | J90: =J89 -> 368.21
A91: 2.6.4 | B91: SINAPI | C91: 88489 | D91: PINTURA LÁTEX ACRÍLICA PREMIUM, APLICAÇÃO MANUAL EM PAREDES, DUAS DEMÃOS. AF_04/2023 | I91: M2 | J91: =J90 -> 368.21
A92: 2.6.5 | B92: SINAPI | C92: 88484 | D92: FUNDO SELADOR ACRÍLICO, APLICAÇÃO MANUAL EM TETO, UMA DEMÃO. AF_04/2023 | I92: M2 | J92: =J71 -> 104.43
A93: 2.6.6 | B93: SINAPI | C93: 88494 | D93: EMASSAMENTO COM MASSA LÁTEX, APLICAÇÃO EM TETO, UMA DEMÃO, LIXAMENTO MANUAL. AF_04/2023 | I93: M2 | J93: =J92 -> 104.43
A94: 2.6.7 | B94: SINAPI | C94: 104639 | D94: PINTURA LÁTEX ACRÍLICA ECONÔMICA, APLICAÇÃO MANUAL EM TETO, DUAS DEMÃOS. AF_04/2023 | I94: M2 | J94: =J93 -> 104.43
A95: 2.6.8 | B95: SINAPI | C95: 102219 | D95: PINTURA TINTA DE ACABAMENTO (PIGMENTADA) ESMALTE SINTÉTICO ACETINADO EM MADEIRA, 2 DEMÃOS. AF_01/2021 | I95: M2 | J95: =G100 -> 37.3
A96: TIPO | C96: LARGURA | D96: ALTURA | E96: FACES | F96: QUANTIDADE | G96: ÁREA
A97: PORTA 1 | C97: 0.8 | D97: 2.1 | E97: 2 | F97: =J65 -> 8 | G97: =ROUND(C97*D97*E97*F97,2) -> 26.88
A98: PORTA 2 | C98: 0.7 | D98: 2.1 | E98: 2 | F98: =J64 -> 1 | G98: =ROUND(C98*D98*E98*F98,2) -> 2.94
A99: TAPUME | C99: 2.2 | D99: 3.4 | E99: 1 | F99: 1 | G99: =ROUND(C99*D99*E99*F99,2) -> 7.48
F100: TOTAL | G100: =SUM(G97:G99) -> 37.3
A102: 2.6.9 | B102: SINAPI | C102: 100757 | D102: PINTURA COM TINTA ALQUÍDICA DE ACABAMENTO (ESMALTE SINTÉTICO ACETINADO) PULVERIZADA SOBRE SUPERFÍCIES METÁLICAS (EXCETO PERFIL) EXECUTADO EM OBRA (02 DEMÃOS). AF_01/2020_PE | I102: M2 | J102: =F104 -> 3.36
A103: LOCAL | C103: LARGURA | D103: ALTURA | E103: FACES | F103: ÁREA
A104: GABINETE PRESIDENTE | C104: 0.8 | D104: 2.1 | E104: 2 | F104: =ROUND(C104*D104*E104,2) -> 3.36
A106: 3 | D106: ÁREA EXTERNA
A107: 3.1 | D107: DEMOLIÇÕES E REMOÇÕES
A108: 3.1.1 | B108: SINAPI | C108: 104790 | D108: DEMOLIÇÃO DE PISO DE CONCRETO SIMPLES, DE FORMA MECANIZADA COM MARTELETE, SEM REAPROVEITAMENTO. AF_09/2023 | I108: M3 | J108: =C111 -> 1.95
A109: PASSEIO EXTERNO DOS FUNDOS
A110: ÁREA | B110: ESPESSURA | C110: VOLUME
...

Sheet ORCAMENTO
A1: PLANILHA ORÇAMENTÁRIA DE CUSTOS - DESONERADA
A2: OBRA: 8ª ETAPA DA CONSTRUÇÃO DO PRÉDIO LEGISLATIVO DA CÂMARA MUNICIPAL DE JEQUITAÍ | G2: BDI: | H2: 0.3054 | I2: DATA: 12/08/2026
A3: PRAZO DE EXECUÇÃO: 90 DIAS | D3: LOCAL: PRAÇA JOSÉ BONIFÁCIO DE ANDRADA | F3: FORMA DE EXECUÇÃO:
A4: REGIÃO/MÊS DE REFERÊNCIA: SINAPI 06/2026 - SICOR 04/2026 NORTE - SUDECAP 04/2026 - ORSE 04/2026 - GOINFRA CIVIL 04/2026 - SICRO 04/2026 | F4: ( ) ADMINISTRAÇÃO DIRETA | H4: ( X )ADMINISTRAÇÃO INDIRETA
A5: ITEM | B5: FONTE | C5: CÓDIGO | D5: DESCRIÇÃO | E5: UND | F5: QUANTIDADE | G5: PREÇO UNIT. | H5: PREÇO COM BDI | I5: PREÇO TOTAL R$
A6: 1 | D6: SERVIÇOS PRELIMINARES | I6: =SUM(I7:I9) -> 1474.28
A7: 1.1 | B7: SUDECAP | C7: 83.17.31 | D7: PLACA 3,00 X 2,00M LONA, IMPRESSÃO DIGITAL, ESTRUTURA METALON 20 X 20CM | E7: UN | F7: =VLOOKUP(A7,CALCULO!$A$5:$J$270,10,FALSE) -> 0.25 | G7: 1500 | H7: =ROUND(G7*(1+$H$2),2) -> 1958.1 | I7: =ROUND(F7*H7,2) -> 489.53
A8: 1.2 | B8: SINAPI | C8: 98458 | D8: TAPUME COM COMPENSADO DE MADEIRA. AF_03/2024 | E8: M2 | F8: =VLOOKUP(A8,CALCULO!$A$5:$J$270,10,FALSE) -> 7.48 | G8: 96.75 | H8: =ROUND(G8*(1+$H$2),2) -> 126.3 | I8: =ROUND(F8*H8,2) -> 944.72
A9: 1.3 | B9: SICOR | C9: ED-48435 | D9: DEMOLIÇÃO MANUAL DE ALVENARIA DE TIJOLO CERÂMICO OU BLOCO DE CONCRETO, INCLUSIVE AFASTAMENTO E EMPILHAMENTO, EXCLUSIVE TRANSPORTE E RETIRADA DO MATERIAL DEMOLIDO | E9: M3 | F9: =VLOOKUP(A9,CALCULO!$A$5:$J$270,10,FALSE) -> 0.25 | G9: 122.65 | H9: =ROUND(G9*(1+$H$2),2) -> 160.11 | I9: =ROUND(F9*H9,2) -> 40.03
A10: 2 | D10: ÁREA INTERNA | I10: =I11+I18+I21+I36+I40+I43 -> 118887.55
A11: 2.1 | D11: PISO | I11: =SUM(I12:I17) -> 29937.27
A12: 2.1.1 | B12: SINAPI | C12: 97083 | D12: COMPACTAÇÃO MECÂNICA DE SOLO PARA EXECUÇÃO DE RADIER, PISO DE CONCRETO OU LAJE SOBRE SOLO, COM COMPACTADOR DE SOLOS A PERCUSSÃO. AF_09/2021 | E12: M2 | F12: =VLOOKUP(A12,CALCULO!$A$5:$J$270,10,FALSE) -> 104.43 | G12: 3.68 | H12: =ROUND(G12*(1+$H$2),2) -> 4.8 | I12: =ROUND(F12*H12,2) -> 501.26
A13: 2.1.2 | B13: SINAPI | C13: 95241 | D13: LASTRO DE CONCRETO MAGRO, APLICADO EM PISOS, LAJES SOBRE SOLO OU RADIERS, ESPESSURA DE 5 CM. AF_01/2024 | E13: M2 | F13: =VLOOKUP(A13,CALCULO!$A$5:$J$270,10,FALSE) -> 104.43 | G13: 43.12 | H13: =ROUND(G13*(1+$H$2),2) -> 56.29 | I13: =ROUND(F13*H13,2) -> 5878.36
A14: 2.1.3 | B14: SICOR | C14: ED-50566 | D14: CONTRAPISO DESEMPENADO COM ARGAMASSA, TRAÇO 1:3 (CIMENTO E AREIA), ESP. 20MM, INCLUSIVE ARGAMASSA COM PREPARO MECANIZADO | E14: m2 | F14: =VLOOKUP(A14,CALCULO!$A$5:$J$270,10,FALSE) -> 104.43 | G14: 41.63 | H14: =ROUND(G14*(1+$H$2),2) -> 54.34 | I14: =ROUND(F14*H14,2) -> 5674.73
A15: 2.1.4 | B15: SINAPI | C15: 87263 | D15: REVESTIMENTO CERÂMICO PARA PISO COM PLACAS TIPO PORCELANATO DE DIMENSÕES 60X60 CM APLICADA EM AMBIENTES DE ÁREA MAIOR QUE 10 M². AF_02/2023_PE | E15: M2 | F15: =VLOOKUP(A15,CALCULO!$A$5:$J$270,10,FALSE) -> 104.43 | G15: 114.69 | H15: =ROUND(G15*(1+$H$2),2) -> 149.72 | I15: =ROUND(F15*H15,2) -> 15635.26
A16: 2.1.5 | B16: SICOR | C16: ED-50771 | D16: RODAPÉ COM REVESTIMENTO EM CERÂMICA ESMALTADA COMERCIAL, ALTURA 10CM, PEI IV, ASSENTAMENTO COM ARGAMASSA INDUSTRIALIZADA, INCLUSIVE REJUNTAMENTO | E16: m | F16: =VLOOKUP(A16,CALCULO!$A$5:$J$270,10,FALSE) -> 126.41 | G16: 13.19 | H16: =ROUND(G16*(1+$H$2),2) -> 17.22 | I16: =ROUND(F16*H16,2) -> 2176.78
A17: 2.1.6 | B17: SICOR | C17: ED-51002 | D17: SOLEIRA DE GRANITO, COR CINZA ANDORINHA, ESP. 2CM, ACABAMENTO POLIDO, ASSENTAMENTO COM ARGAMASSA INDUSTRIALIZADA, INCLUSIVE REJUNTAMENTO | E17: m2 | F17: =VLOOKUP(A17,CALCULO!$A$5:$J$270,10,FALSE) -> 0.16 | G17: 339.38 | H17: =ROUND(G17*(1+$H$2),2) -> 443.03 | I17: =ROUND(F17*H17,2) -> 70.88
A18: 2.2 | D18: REVESTIMENTOS DE PAREDES | I18: =SUM(I19:I20) -> 21532.52
A19: 2.2.1 | B19: SICOR | C19: ED-50727 | D19: CHAPISCO COM ARGAMASSA, TRAÇO 1:3 (CIMENTO E AREIA), ESP. 5MM, APLICADO EM ALVENARIA/ESTRUTURA DE CONCRETO COM COLHER, INCLUSIVE ARGAMASSA COM PREPARO MECANIZADO | E19: m2 | F19: =VLOOKUP(A19,CALCULO!$A$5:$J$270,10,FALSE) -> 344.19 | G19: 10.7 | H19: =ROUND(G19*(1+$H$2),2) -> 13.97 | I19: =ROUND(F19*H19,2) -> 4808.33
A20: 2.2.2 | B20: SICOR | C20: ED-50759 | D20: REBOCO COM ARGAMASSA, TRAÇO 1:7 (CIMENTO E AREIA), ESP. 20MM, APLICAÇÃO MANUAL, INCLUSIVE ARGAMASSA COM PREPARO MECANIZADO, EXCLUSIVE CHAPISCO | E20: m2 | F20: =VLOOKUP(A20,CALCULO!$A$5:$J$270,10,FALSE) -> 344.19 | G20: 37.22 | H20: =ROUND(G20*(1+$H$2),2) -> 48.59 | I20: =ROUND(F20*H20,2) -> 16724.19
A21: 2.3 | D21: INSTALAÇÕES ELÉTRICAS | I21: =SUM(I22:I35) -> 14228.55
A22: 2.3.1 | B22: SICOR | C22: ED-48946 | D22: CABO ISOLADO DE COBRE FLEXÍVEL, CLASSE 5, ISOLAMENTO TIPO LSHF/ATOX, NÃO HALOGENADO E ANTICHAMA, DIÂMETRO DA SEÇÃO DE 1,5MM2, TEMPERATURA DE TRABALHO 70°C, TENSÃO NOMINAL DE OPERAÇÃO 450/750V | E22: m | F22: =VLOOKUP(A22,CALCULO!$A$5:$J$270,10,FALSE) -> 182.57 | G22: 3.19 | H22: =ROUND(G22*(1+$H$2),2) -> 4.16 | I22: =ROUND(F22*H22,2) -> 759.49
A23: 2.3.2 | B23: SICOR | C23: ED-48951 | D23: CABO ISOLADO DE COBRE FLEXÍVEL, CLASSE 5, ISOLAMENTO TIPO LSHF/ATOX, NÃO HALOGENADO E ANTICHAMA, DIÂMETRO DA SEÇÃO DE 2,5MM2, TEMPERATURA DE TRABALHO 70°C, TENSÃO NOMINAL DE OPERAÇÃO 450/750V | E23: m | F23: =VLOOKUP(A23,CALCULO!$A$5:$J$270,10,FALSE) -> 838.31 | G23: 4.56 | H23: =ROUND(G23*(1+$H$2),2) -> 5.95 | I23: =ROUND(F23*H23,2) -> 4987.94
A24: 2.3.3 | B24: SINAPI | C24: 93653 | D24: DISJUNTOR MONOPOLAR TIPO DIN, CORRENTE NOMINAL DE 10A - FORNECIMENTO E INSTALAÇÃO. AF_07/2025 | E24: UN | F24: =VLOOKUP(A24,CALCULO!$A$5:$J$270,10,FALSE) -> 3 | G24: 13.8 | H24: =ROUND(G24*(1+$H$2),2) -> 18.01 | I24: =ROUND(F24*H24,2) -> 54.03
A25: 2.3.4 | B25: SINAPI | C25: 93654 | D25: DISJUNTOR MONOPOLAR TIPO DIN, CORRENTE NOMINAL DE 16A - FORNECIMENTO E INSTALAÇÃO. AF_07/2025 | E25: UN | F25: =VLOOKUP(A25,CALCULO!$A$5:$J$270,10,FALSE) -> 2 | G25: 13.8 | H25: =ROUND(G25*(1+$H$2),2) -> 18.01 | I25: =ROUND(F25*H25,2) -> 36.02
A26: 2.3.5 | B26: SICOR | C26: ED-34473 | D26: DISJUNTOR BIPOLAR TIPO DIN, CORRENTE NOMINAL DE 10A, FORNECIMENTO E INSTALAÇÃO, INCLUSIVE TERMINAL ILHÓS | E26: un | F26: =VLOOKUP(A26,CALCULO!$A$5:$J$270,10,FALSE) -> 9 | G26: 52.12 | H26: =ROUND(G26*(1+$H$2),2) -> 68.04 | I26: =ROUND(F26*H26,2) -> 612.36
A27: 2.3.6 | B27: SUDECAP | C27: 11.06.02 | D27: ELETRODUTO CORRUGADO DE PVC NORMAL, DN 25MM (3/4"), INSTALADO EM FORRO REF 91834 | E27: M | F27: =VLOOKUP(A27,CALCULO!$A$5:$J$270,10,FALSE) -> 242.43 | G27: 8.48 | H27: =ROUND(G27*(1+$H$2),2) -> 11.07 | I27: =ROUND(F27*H27,2) -> 2683.7
A28: 2.3.7 | B28: SICOR | C28: ED-49190 | D28: CAIXA DE LIGAÇÃO/PASSAGEM EM PVC RÍGIDO PARA ELETRODUTO, OCTOGONAL COM FUNDO FIXO REFORÇADO, DIMENSÃO 4"X4", EMBUTIDA EM LAJE, INCLUSIVE FIXAÇÃO | E28: un | F28: =VLOOKUP(A28,CALCULO!$A$5:$J$270,10,FALSE) -> 17 | G28: 12.92 | H28: =ROUND(G28*(1+$H$2),2) -> 16.87 | I28: =ROUND(F28*H28,2) -> 286.79
A29: 2.3.8 | B29: GOINFRA CIVIL | C29: 071649 | D29: LUMINÁRIA PLAFON LED QUADRADA DE EMBUTIR, 30W, 40X40 CM (MEDIDAS APROXIMADAS) - INCLUSO CORTE NO FORRO | E29: un | F29: =VLOOKUP(A29,CALCULO!$A$5:$J$270,10,FALSE) -> 10 | G29: 122.74 | H29: =ROUND(G29*(1+$H$2),2) -> 160.22 | I29: =ROUND(F29*H29,2) -> 1602.2
A30: 2.3.9 | B30: ORSE | C30: S13672 | D30: Luminária plafon de embutir em LED 29.5x29.5 cm, 24w 4000K bivolt, Avant ou similar | E30: un | F30: =VLOOKUP(A30,CALCULO!$A$5:$J$270,10,FALSE) -> 7 | G30: 92.4 | H30: =ROUND(G30*(1+$H$2),2) -> 120.62 | I30: =ROUND(F30*H30,2) -> 844.34
A31: 2.3.10 | B31: SICOR | C31: ED-5614 | D31: SUPORTE PARA PLACA 4"X2" PARA TRÊS (3) MÓDULOS, INCLUSIVE PARAFUSOS PARA FIXAÇÃO, FORNECIMENTO E INSTALAÇÃO, EXCLUSIVE PLACA E MÓDULO | E31: un | F31: =VLOOKUP(A31,CALCULO!$A$5:$J$270,10,FALSE) -> 61 | G31: 8.16 | H31: =ROUND(G31*(1+$H$2),2) -> 10.65 | I31: =ROUND(F31*H31,2) -> 649.65
A32: 2.3.11 | B32: SICOR | C32: ED-5620 | D32: PLACA 4"X2" PARA UM (1) MÓDULO, INCLUSIVE FORNECIMENTO E INSTALAÇÃO, EXCLUSIVE SUPORTE E MÓDULO | E32: un | F32: =VLOOKUP(A32,CALCULO!$A$5:$J$270,10,FALSE) -> 52 | G32: 6.87 | H32: =ROUND(G32*(1+$H$2),2) -> 8.97 | I32: =ROUND(F32*H32,2) -> 466.44
A33: 2.3.12 | B33: SICOR | C33: ED-5615 | D33: MÓDULO INTERRUPTOR SIMPLES, CORRENTE 10A, TENSÃO 250V, (10A-250V), INCLUSIVE FORNECIMENTO E INSTALAÇÃO, EXCLUSIVE PLACA E SUPORTE | E33: un | F33: =VLOOKUP(A33,CALCULO!$A$5:$J$270,10,FALSE) -> 10 | G33: 16.33 | H33: =ROUND(G33*(1+$H$2),2) -> 21.32 | I33: =ROUND(F33*H33,2) -> 213.2
... A35: 2.3.14 | B35: SUDECAP | C35: 11.30.50 | D35: PLACA TERMOPLÁSTICA 2X4" COM FURO CENTRAL PIAL/EQUIVALENTE | E35: UN | F35: =VLOOKUP(A35,CALCULO!$A$5:$J$270,10,FALSE) -> 9 | G35: 5.94 | H35: =ROUND(G35*(1+$H$2),2) -> 7.75 | I35: =ROUND(F35*H35,2) -> 69.75
A36: 2.4 | D36: ESQUADRIAS | I36: =SUM(I37:I39) -> 18178.78
A37: 2.4.1 | B37: SINAPI | C37: 90842 | D37: KIT DE PORTA DE MADEIRA PARA PINTURA, SEMI-OCA (LEVE OU MÉDIA), PADRÃO MÉDIO, 70X210CM, ESPESSURA DE 3,5CM, ITENS INCLUSOS: DOBRADIÇAS, MONTAGEM E INSTALAÇÃO DO BATENTE, FECHADURA COM EXECUÇÃO DO FURO - FORNECIMENTO E INSTALAÇÃO. AF_10/2025 | E37: UN | F37: =VLOOKUP(A37,CALCULO!$A$5:$J$270,10,FALSE) -> 1 | G37: 1164.49 | H37: =ROUND(G37*(1+$H$2),2) -> 1520.13 | I37: =ROUND(F37*H37,2) -> 1520.13
A38: 2.4.2 | B38: SINAPI | C38: 90845 | D38: KIT DE PORTA DE MADEIRA PARA PINTURA, MACIÇA (PESADA OU SUPERPESADA), PADRÃO MÉDIO, 80X210CM, ESPESSURA DE 3,5CM, ITENS INCLUSOS: DOBRADIÇAS, MONTAGEM E INSTALAÇÃO DO BATENTE, FECHADURA COM EXECUÇÃO DO FURO - FORNECIMENTO E INSTALAÇÃO. AF_10/2025 | E38: UN | F38: =VLOOKUP(A38,CALCULO!$A$5:$J$270,10,FALSE) -> 8 | G38: 1507.25 | H38: =ROUND(G38*(1+$H$2),2) -> 1967.56 | I38: =ROUND(F38*H38,2) -> 15740.48
A39: 2.4.3 | B39: SICOR | C39: ED-23034 | D39: PORTA METÁLICA, TIPO DE ABRIR, COM UMA (1) FOLHA, EM CHAPA GALVANIZADA LAMBRIL, MODELO QUADRADO, INCLUSIVE PINTURA ANTICORROSIVA A BASE DE ÓXIDO DE FERRO (ZARCÃO), UMA (1) DEMÃO, FORNECIMENTO E ASSENTAMENTO, EXCLUSIVE FECHADURA E DOBRADIÇA | E39: m2 | F39: =VLOOKUP(A39,CALCULO!$A$5:$J$270,10,FALSE) -> 1.68 | G39: 418.67 | H39: =ROUND(G39*(1+$H$2),2) -> 546.53 | I39: =ROUND(F39*H39,2) -> 918.17
A40: 2.5 | D40: FORRO | I40: =SUM(I41:I42) -> 9363.94
A41: 2.5.1 | B41: SICOR | C41: ED-49686 | D41: FORRO EM CHAPA DE GESSO ACARTONADA, ESP. 12,5MM, COM FIXAÇÃO DO TIPO ESTRUTURADA EM PERFIL METÁLICO, EXCLUSIVE PERFIL TABICA, SANCA E MOLDURA, INCLUSIVE ACESSÓRIOS E FIXAÇÃO | E41: m2 | F41: =VLOOKUP(A41,CALCULO!$A$5:$J$270,10,FALSE) -> 104.43 | G41: 62.17 | H41: =ROUND(G41*(1+$H$2),2) -> 81.16 | I41: =ROUND(F41*H41,2) -> 8475.54
A42: 2.5.2 | B42: SINAPI | C42: 00039428 | D42: PERFIL TABICA FECHADA, LISA, FORMATO Z, EM ACO GALVANIZADO NATURAL, LARGURA TOTAL NA HORIZONTAL *40* MM, PARA ESTRUTURA FORRO DRYWALL | E42: M | F42: =VLOOKUP(A42,CALCULO!$A$5:$J$270,10,FALSE) -> 141.24 | G42: 4.82 | H42: =ROUND(G42*(1+$H$2),2) -> 6.29 | I42: =ROUND(F42*H42,2) -> 888.4
A43: 2.6 | D43: PINTURA | I43: =SUM(I44:I52) -> 25646.49
A44: 2.6.1 | B44: ORSE | C44: S02344 | D44: Preparo de superfície com lixamento de paredes e tetos | E44: m2 | F44: =VLOOKUP(A44,CALCULO!$A$5:$J$270,10,FALSE) -> 472.64 | G44: 3.66 | H44: =ROUND(G44*(1+$H$2),2) -> 4.78 | I44: =ROUND(F44*H44,2) -> 2259.22
A45: 2.6.2 | B45: SINAPI | C45: 88485 | D45: FUNDO SELADOR ACRÍLICO, APLICAÇÃO MANUAL EM PAREDE, UMA DEMÃO. AF_04/2023 | E45: M2 | F45: =VLOOKUP(A45,CALCULO!$A$5:$J$270,10,FALSE) -> 368.21 | G45: 4.72 | H45: =ROUND(G45*(1+$H$2),2) -> 6.16 | I45: =ROUND(F45*H45,2) -> 2268.17
A46: 2.6.3 | B46: SICOR | C46: ED-50477 | D46: EMASSAMENTO EM PAREDE COM MASSA CORRIDA (PVA), UMA (1) DEMÃO, INCLUSIVE LIXAMENTO PARA PINTURA | E46: m2 | F46: =VLOOKUP(A46,CALCULO!$A$5:$J$270,10,FALSE) -> 368.21 | G46: 14.63 | H46: =ROUND(G46*(1+$H$2),2) -> 19.1 | I46: =ROUND(F46*H46,2) -> 7032.81
A47: 2.6.4 | B47: SINAPI | C47: 88489 | D47: PINTURA LÁTEX ACRÍLICA PREMIUM, APLICAÇÃO MANUAL EM PAREDES, DUAS DEMÃOS. AF_04/2023 | E47: M2 | F47: =VLOOKUP(A47,CALCULO!$A$5:$J$270,10,FALSE) -> 368.21 | G47: 14.53 | H47: =ROUND(G47*(1+$H$2),2) -> 18.97 | I47: =ROUND(F47*H47,2) -> 6984.94
A48: 2.6.5 | B48: SINAPI | C48: 88484 | D48: FUNDO SELADOR ACRÍLICO, APLICAÇÃO MANUAL EM TETO, UMA DEMÃO. AF_04/2023 | E48: M2 | F48: =VLOOKUP(A48,CALCULO!$A$5:$J$270,10,FALSE) -> 104.43 | G48: 5.79 | H48: =ROUND(G48*(1+$H$2),2) -> 7.56 | I48: =ROUND(F48*H48,2) -> 789.49
A49: 2.6.6 | B49: SINAPI | C49: 88494 | D49: EMASSAMENTO COM MASSA LÁTEX, APLICAÇÃO EM TETO, UMA DEMÃO, LIXAMENTO MANUAL. AF_04/2023 | E49: M2 | F49: =VLOOKUP(A49,CALCULO!$A$5:$J$270,10,FALSE) -> 104.43 | G49: 23.91 | H49: =ROUND(G49*(1+$H$2),2) -> 31.21 | I49: =ROUND(F49*H49,2) -> 3259.26
A50: 2.6.7 | B50: SINAPI | C50: 104639 | D50: PINTURA LÁTEX ACRÍLICA ECONÔMICA, APLICAÇÃO MANUAL EM TETO, DUAS DEMÃOS. AF_04/2023 | E50: M2 | F50: =VLOOKUP(A50,CALCULO!$A$5:$J$270,10,FALSE) -> 104.43 | G50: 13.17 | H50: =ROUND(G50*(1+$H$2),2) -> 17.19 | I50: =ROUND(F50*H50,2) -> 1795.15
A51: 2.6.8 | B51: SINAPI | C51: 102219 | D51: PINTURA TINTA DE ACABAMENTO (PIGMENTADA) ESMALTE SINTÉTICO ACETINADO EM MADEIRA, 2 DEMÃOS. AF_01/2021 | E51: M2 | F51: =VLOOKUP(A51,CALCULO!$A$5:$J$270,10,FALSE) -> 37.3 | G51: 20.38 | H51: =ROUND(G51*(1+$H$2),2) -> 26.6 | I51: =ROUND(F51*H51,2) -> 992.18
A52: 2.6.9 | B52: SINAPI | C52: 100757 | D52: PINTURA COM TINTA ALQUÍDICA DE ACABAMENTO (ESMALTE SINTÉTICO ACETINADO) PULVERIZADA SOBRE SUPERFÍCIES METÁLICAS (EXCETO PERFIL) EXECUTADO EM OBRA (02 DEMÃOS). AF_01/2020_PE | E52: M2 | F52: =VLOOKUP(A52,CALCULO!$A$5:$J$270,10,FALSE) -> 3.36 | G52: 60.48 | H52: =ROUND(G52*(1+$H$2),2) -> 78.95 | I52: =ROUND(F52*H52,2) -> 265.27
A53: 3 | D53: ÁREA EXTERNA | I53: =I54+I60+I71+I76+I80+I85+I95+I100+I103 -> 132049.5
A54: 3.1 | D54: DEMOLIÇÕES E REMOÇÕES | I54: =SUM(I55:I59) -> 2865.39
A55: 3.1.1 | B55: SINAPI | C55: 104790 | D55: DEMOLIÇÃO DE PISO DE CONCRETO SIMPLES, DE FORMA MECANIZADA COM MARTELETE, SEM REAPROVEITAMENTO. AF_09/2023 | E55: M3 | F55: =VLOOKUP(A55,CALCULO!$A$5:$J$270,10,FALSE) -> 1.95 | G55: 120.69 | H55: =ROUND(G55*(1+$H$2),2) -> 157.55 | I55: =ROUND(F55*H55,2) -> 307.22
A56: 3.1.2 | B56: SUDECAP | C56: 02.13.04 | D56: DEMOLIÇÃO DE CONCRETO ARMADO - COM EQUIPAMENTO ELÉTRICO | E56: M3 | F56: =VLOOKUP(A56,CALCULO!$A$5:$J$270,10,FALSE) -> 4.61 | G56: 285.96 | H56: =ROUND(G56*(1+$H$2),2) -> 373.29 | I56: =ROUND(F56*H56,2) -> 1720.87
A57: 3.1.3 | B57: SUDECAP | C57: 03.05.03 | D57: ESCAVAÇÃO E CARGA MECANIZADA COM RETROESCAVADEIRA EM MATERIAL DE 1ª CATEGORIA | E57: M3 | F57: =VLOOKUP(A57,CALCULO!$A$5:$J$270,10,FALSE) -> 21 | G57: 6.95 | H57: =ROUND(G57*(1+$H$2),2) -> 9.07 | I57: =ROUND(F57*H57,2) -> 190.47
A58: 3.1.4 | B58: SINAPI | C58: 100982 | D58: CARGA, MANOBRA E DESCARGA DE ENTULHO EM CAMINHÃO BASCULANTE 10 M³ - CARGA COM ESCAVADEIRA HIDRÁULICA (CAÇAMBA DE 0,80 M³ / 111 HP) E DESCARGA LIVRE (UNIDADE: M3). AF_02/2026 | E58: M3 | F58: =VLOOKUP(A58,CALCULO!$A$5:$J$270,10,FALSE) -> 27.56 | G58: 9.64 | H58: =ROUND(G58*(1+$H$2),2) -> 12.58 | I58: =ROUND(F58*H58,2) -> 346.7
A59: 3.1.5 | B59: SINAPI | C59: 95875 | D59: TRANSPORTE COM CAMINHÃO BASCULANTE DE 10 M³, EM VIA URBANA PAVIMENTADA, DMT ATÉ 30 KM (UNIDADE: M3XKM). AF_02/2026 | E59: M3XKM | F59: =VLOOKUP(A59,CALCULO!$A$5:$J$270,10,FALSE) -> 82.68 | G59: 2.78 | H59: =ROUND(G59*(1+$H$2),2) -> 3.63 | I59: =ROUND(F59*H59,2) -> 300.13
A60: 3.2 | D60: INFRAESTRUTURA | I60: =SUM(I61:I70) -> 39186.95
A61: 3.2.1 | B61: SUDECAP | C61: 01.17.01 | D61: GABARITO | E61: M | F61: =VLOOKUP(A61,CALCULO!$A$5:$J$270,10,FALSE) -> 43.63 | G61: 29.6 | H61: =ROUND(G61*(1+$H$2),2) -> 38.64 | I61: =ROUND(F61*H61,2) -> 1685.86
A62: 3.2.2 | B62: SICOR | C62: ED-51107 | D62: ESCAVAÇÃO MANUAL DE VALA COM PROFUNDIDADE MENOR OU IGUAL A 1,5M, INCLUSIVE DESCARGA LATERAL | E62: m3 | F62: =VLOOKUP(A62,CALCULO!$A$5:$J$270,10,FALSE) -> 11.08 | G62: 80.46 | H62: =ROUND(G62*(1+$H$2),2) -> 105.03 | I62: =ROUND(F62*H62,2) -> 1163.73
A63: 3.2.3 | B63: SINAPI | C63: 101175 | D63: ESTACA BROCA DE CONCRETO, DIÂMETRO DE 30CM, ESCAVAÇÃO MANUAL COM TRADO CONCHA, COM ARMADURA DE ARRANQUE. AF_05/2020 | E63: M | F63: =VLOOKUP(A63,CALCULO!$A$5:$J$270,10,FALSE) -> 32.25 | G63: 127.85 | H63: =ROUND(G63*(1+$H$2),2) -> 166.9 | I63: =ROUND(F63*H63,2) -> 5382.53
A64: 3.2.4 | B64: SICOR | C64: ED-49812 | D64: LASTRO DE CONCRETO MAGRO, INCLUSIVE TRANSPORTE, LANÇAMENTO E ADENSAMENTO | E64: m3 | F64: =VLOOKUP(A64,CALCULO!$A$5:$J$270,10,FALSE) -> 0.48 | G64: 646.77 | H64: =ROUND(G64*(1+$H$2),2) -> 844.29 | I64: =ROUND(F64*H64,2) -> 405.26
A65: 3.2.5 | B65: SICOR | C65: ED-49787 | D65: FORNECIMENTO DE CONCRETO ESTRUTURAL, PREPARADO EM OBRA COM BETONEIRA, COM FCK 25MPA, INCLUSIVE LANÇAMENTO, ADENSAMENTO E ACABAMENTO (FUNDAÇÃO) | E65: m3 | F65: =VLOOKUP(A65,CALCULO!$A$5:$J$270,10,FALSE) -> 8.26 | G65: 842.18 | H65: =ROUND(G65*(1+$H$2),2) -> 1099.38 | I65: =ROUND(F65*H65,2) -> 9080.88
A66: 3.2.6 | B66: SICOR | C66: ED-49647 | D66: FÔRMA E DESFORMA DE COMPENSADO PLASTIFICADO, ESP. 12MM, REAPROVEITAMENTO (5X), EXCLUSIVE ESCORAMENTO | E66: m2 | F66: =VLOOKUP(A66,CALCULO!$A$5:$J$270,10,FALSE) -> 30.34 | G66: 56.16 | H66: =ROUND(G66*(1+$H$2),2) -> 73.31 | I66: =ROUND(F66*H66,2) -> 2224.23
A67: 3.2.7 | B67: SICOR | C67: ED-48298 | D67: CORTE, DOBRA E MONTAGEM DE AÇO CA-50/60, INCLUSIVE ESPAÇADOR | E67: Kg | F67: =VLOOKUP(A67,CALCULO!$A$5:$J$270,10,FALSE) -> 746.89 | G67: 13.38 | H67: =ROUND(G67*(1+$H$2),2) -> 17.47 | I67: =ROUND(F67*H67,2) -> 13048.17
A68: 3.2.8 | B68: SICOR | C68: ED-48213 | D68: ALVENARIA DE BLOCO DE CONCRETO CHEIO COM ARMAÇÃO, EM CONCRETO COM FCK 15MPA , ESP. 14CM, PARA REVESTIMENTO, INCLUSIVE ARGAMASSA PARA ASSENTAMENTO (DETALHE D - CADERNO SEDS) | E68: m2 | F68: =VLOOKUP(A68,CALCULO!$A$5:$J$270,10,FALSE) -> 15.32 | G68: 232.54 | H68: =ROUND(G68*(1+$H$2),2) -> 303.56 | I68: =ROUND(F68*H68,2) -> 4650.54
A69: 3.2.9 | B69: SICOR | C69: ED-51120 | D69: REATERRO MANUAL DE VALA, INCLUSIVE ESPALHAMENTO E COMPACTAÇÃO MANUAL COM SOQUETE | E69: m3 | F69: =VLOOKUP(A69,CALCULO!$A$5:$J$270,10,FALSE) -> 4.62 | G69: 80.46 | H69: =ROUND(G69*(1+$H$2),2) -> 105.03 | I69: =ROUND(F69*H69,2) -> 485.24
A70: 3.2.10 | B70: SICOR | C70: ED-32137 | D70: IMPERMEABILIZAÇÃO COM PINTURA DE PROTEÇÃO EM EMULSÃO ASFÁLTICA, UMA (1) DEMÃO | E70: m2 | F70: =VLOOKUP(A70,CALCULO!$A$5:$J$270,10,FALSE) -> 44.28 | G70: 18.35 | H70: =ROUND(G70*(1+$H$2),2) -> 23.95 | I70: =ROUND(F70*H70,2) -> 1060.51
A71: 3.3 | D71: SUPRAESTRUTURA | I71: =SUM(I72:I75) -> 23405.34
A72: 3.3.1 | B72: SICOR | C72: ED-49619 | D72: FORNECIMENTO DE CONCRETO ESTRUTURAL, PREPARADO EM OBRA, COM FCK 25MPA, INCLUSIVE LANÇAMENTO, ADENSAMENTO E ACABAMENTO | E72: m3 | F72: =VLOOKUP(A72,CALCULO!$A$5:$J$270,10,FALSE) -> 3 | G72: 879.79 | H72: =ROUND(G72*(1+$H$2),2) -> 1148.48 | I72: =ROUND(F72*H72,2) -> 3445.44
A73: 3.3.2 | B73: SICOR | C73: ED-49647 | D73: FÔRMA E DESFORMA DE COMPENSADO PLASTIFICADO, ESP. 12MM, REAPROVEITAMENTO (5X), EXCLUSIVE ESCORAMENTO | E73: m2 | F73: =VLOOKUP(A73,CALCULO!$A$5:$J$270,10,FALSE) -> 37.93 | G73: 56.16 | H73: =ROUND(G73*(1+$H$2),2) -> 73.31 | I73: =ROUND(F73*H73,2) -> 2780.65
A74: 3.3.3 | B74: SICOR | C74: ED-48298 | D74: CORTE, DOBRA E MONTAGEM DE AÇO CA-50/60, INCLUSIVE ESPAÇADOR | E74: Kg | F74: =VLOOKUP(A74,CALCULO!$A$5:$J$270,10,FALSE) -> 221.76 | G74: 13.38 | H74: =ROUND(G74*(1+$H$2),2) -> 17.47 | I74: =ROUND(F74*H74,2) -> 3874.15
A75: 3.3.4 | B75: SICRO NOVO | C75: 2408149 | D75: Estrutura em perfil de aço ASTM A36 corte, solda e montagem - fornecimento e instalação | E75: kg | F75: =VLOOKUP(A75,CALCULO!$A$5:$J$270,10,FALSE) -> 558.1 | G75: 18.26 | H75: =ROUND(G75*(1+$H$2),2) -> 23.84 | I75: =ROUND(F75*H75,2) -> 13305.1
A76: 3.4 | D76: ALVENARIA E REVESTIMENTOS | I76: =SUM(I77:I79) -> 19147.86
A77: 3.4.1 | B77: SICOR | C77: ED-48232 | D77: ALVENARIA DE VEDAÇÃO COM TIJOLO CERÂMICO FURADO, ESP. 14CM, PARA REVESTIMENTO, INCLUSIVE ARGAMASSA PARA ASSENTAMENTO | E77: m2 | F77: =VLOOKUP(A77,CALCULO!$A$5:$J$270,10,FALSE) -> 65.31 | G77: 77.41 | H77: =ROUND(G77*(1+$H$2),2) -> 101.05 | I77: =ROUND(F77*H77,2) -> 6599.58
A78: 3.4.2 | B78: SICOR | C78: ED-50727 | D78: CHAPISCO COM ARGAMASSA, TRAÇO 1:3 (CIMENTO E AREIA), ESP. 5MM, APLICADO EM ALVENARIA/ESTRUTURA DE CONCRETO COM COLHER, INCLUSIVE ARGAMASSA COM PREPARO MECANIZADO | E78: m2 | F78: =VLOOKUP(A78,CALCULO!$A$5:$J$270,10,FALSE) -> 200.58 | G78: 10.7 | H78: =ROUND(G78*(1+$H$2),2) -> 13.97 | I78: =ROUND(F78*H78,2) -> 2802.1
A79: 3.4.3 | B79: SICOR | C79: ED-50759 | D79: REBOCO COM ARGAMASSA, TRAÇO 1:7 (CIMENTO E AREIA), ESP. 20MM, APLICAÇÃO MANUAL, INCLUSIVE ARGAMASSA COM PREPARO MECANIZADO, EXCLUSIVE CHAPISCO | E79: m2 | F79: =VLOOKUP(A79,CALCULO!$A$5:$J$270,10,FALSE) -> 200.58 | G79: 37.22 | H79: =ROUND(G79*(1+$H$2),2) -> 48.59 | I79: =ROUND(F79*H79,2) -> 9746.18
A80: 3.5 | D80: INSTALAÇÕES ELÉTRICAS | I80: =SUM(I81:I84) -> 740.71
A81: 3.5.1 | B81: SICOR | C81: ED-50227 | D81: PONTO DE EMBUTIR PARA UM (1) INTERRUPTOR SIMPLES (10A-250V), COM PLACA 4"X2" DE UM (1) POSTO, COM ELETRODUTO FLEXÍVEL CORRUGADO, ANTI-CHAMA, DN 25MM (3/4"), EMBUTIDO NA ALVENARIA E CABO DE COBRE FLEXÍVEL, CLASSE 5, ISOLAMENTO TIPO LSHF/ATOX, NÃO HALOGENADO, SEÇÃO 1,5MM2 (70°C-450/750V), COM DISTÂNCIA DE ATÉ DEZ (10) METROS DO PONTO DE DERIVAÇÃO, INCLUSIVE CAIXA DE LIGAÇÃO, SUPORTE E FIXAÇÃO DO ELETRODUTO COM ENCHIMENTO DO RASGO NA ALVENARIA/CONCRETO COM ARGAMASSA | E81: un | F81: =VLOOKUP(A81,CALCULO!$A$5:$J$270,10,FALSE) -> 1 | G81: 264.89 | H81: =ROUND(G81*(1+$H$2),2) -> 345.79 | I81: =ROUND(F81*H81,2) -> 345.79
A82: 3.5.2 | B82: SICOR | C82: ED-50228 | D82: PONTO DE EMBUTIR PARA UMA (1) LUMINÁRIA,COM ELETRODUTO DE PVC RÍGIDO ROSCÁVEL, DN 20MM (3/4"), EMBUTIDO NA LAJE E CABO DE COBRE FLEXÍVEL, CLASSE 5, ISOLAMENTO TIPO LSHF/ATOX, NÃO HALOGENADO, SEÇÃO 1,5MM2 (70°C-450/750V), COM DISTÂNCIA DE ATÉ CINCO (5) METROS DO PONTO DE DERIVAÇÃO, EXCLUSIVE LUMINÁRIA, INCLUSIVE CAIXA DE LIGAÇÃO OCTOGONAL, SUPORTE E FIXAÇÃO DO ELETRODUTO | E82: un | F82: =VLOOKUP(A82,CALCULO!$A$5:$J$270,10,FALSE) -> 2 | G82: 118.19 | H82: =ROUND(G82*(1+$H$2),2) -> 154.29 | I82: =ROUND(F82*H82,2) -> 308.58
A83: 3.5.3 | B83: SICOR | C83: ED-32968 | D83: LUMINÁRIA PLAFONIER REDONDO DE PLÁSTICO, DIÂMETRO 15 CM, PARA UMA (1) LÂMPADA BASE E-27, FORNECIMENTO E INSTALAÇÃO, INCLUSIVE BASE, EXCLUSIVE LÂMPADA | E83: un | F83: =VLOOKUP(A83,CALCULO!$A$5:$J$270,10,FALSE) -> 2 | G83: 15.09 | H83: =ROUND(G83*(1+$H$2),2) -> 19.7 | I83: =ROUND(F83*H83,2) -> 39.4
A84: 3.5.4 | B84: SICOR | C84: ED-13344 | D84: LÂMPADA LED, BASE E27, POTÊNCIA DE 20W, BULBO A70, TEMPERATURA DA COR 6500K, TENSÃO 110-127V, EXCLUSIVE LUMINÁRIA | E84: un | F84: =VLOOKUP(A84,CALCULO!$A$5:$J$270,10,FALSE) -> 2 | G84: 17.98 | H84: =ROUND(G84*(1+$H$2),2) -> 23.47 | I84: =ROUND(F84*H84,2) -> 46.94
A85: 3.6 | D85: COBERTURA E DRENAGEM | I85: =SUM(I86:I94) -> 14717.35
A86: 3.6.1 | B86: SICOR | C86: ED-48428 | D86: COBERTURA EM TELHA METÁLICA GALVANIZADA TRAPEZOIDAL, TIPO SIMPLES, ESP. 0,50MM, ACABAMENTO NATURAL, INCLUSIVE ACESSÓRIOS PARA FIXAÇÃO, FORNECIMENTO E INSTALAÇÃO | E86: m2 | F86: =VLOOKUP(A86,CALCULO!$A$5:$J$270,10,FALSE) -> 53.93 | G86: 98.51 | H86: =ROUND(G86*(1+$H$2),2) -> 128.59 | I86: =ROUND(F86*H86,2) -> 6934.86
A87: 3.6.2 | B87: SICOR | C87: ED-50649 | D87: CALHA EM CHAPA GALVANIZADA, ESP. 0,8MM (GSG-22), COM DESENVOLVIMENTO DE 40CM, INCLUSIVE IÇAMENTO MANUAL VERTICAL | E87: m | F87: =VLOOKUP(A87,CALCULO!$A$5:$J$270,10,FALSE) -> 10.3 | G87: 54.72 | H87: =ROUND(G87*(1+$H$2),2) -> 71.43 | I87: =ROUND(F87*H87,2) -> 735.73
A88: 3.6.3 | B88: SICOR | C88: ED-50677 | D88: RUFO E CONTRARRUFO EM CHAPA GALVANIZADA, ESP. 0,65MM (GSG-24), COM DESENVOLVIMENTO DE 25CM, INCLUSIVE IÇAMENTO MANUAL VERTICAL | E88: m | F88: =VLOOKUP(A88,CALCULO!$A$5:$J$270,10,FALSE) -> 17.83 | G88: 39.69 | H88: =ROUND(G88*(1+$H$2),2) -> 51.81 | I88: =ROUND(F88*H88,2) -> 923.77
A89: 3.6.4 | B89: SICOR | C89: ED-50667 | D89: CHAPIM EM CHAPA GALVANIZADA, COM PINGADEIRA, ESP. 0,65MM (GSG-24), COM DESENVOLVIMENTO DE 35CM, INCLUSIVE IÇAMENTO MANUAL VERTICAL | E89: m | F89: =VLOOKUP(A89,CALCULO!$A$5:$J$270,10,FALSE) -> 38.65 | G89: 48.84 | H89: =ROUND(G89*(1+$H$2),2) -> 63.76 | I89: =ROUND(F89*H89,2) -> 2464.32
A90: 3.6.5 | B90: SINAPI | C90: 89578 | D90: TUBO PVC, SÉRIE R, ÁGUA PLUVIAL, DN 100 MM, FORNECIDO E INSTALADO EM CONDUTORES VERTICAIS DE ÁGUAS PLUVIAIS. AF_06/2022 | E90: M | F90: =VLOOKUP(A90,CALCULO!$A$5:$J$270,10,FALSE) -> 18 | G90: 37.02 | H90: =ROUND(G90*(1+$H$2),2) -> 48.33 | I90: =ROUND(F90*H90,2) -> 869.94
A91: 3.6.6 | B91: SINAPI | C91: 89744 | D91: JOELHO 90 GRAUS, PVC, SERIE NORMAL, ESGOTO PREDIAL, DN 100 MM, JUNTA ELÁSTICA, FORNECIDO E INSTALADO EM RAMAL DE DESCARGA OU RAMAL DE ESGOTO SANITÁRIO. AF_08/2022 | E91: UN | F91: =VLOOKUP(A91,CALCULO!$A$5:$J$270,10,FALSE) -> 1 | G91: 29.76 | H91: =ROUND(G91*(1+$H$2),2) -> 38.85 | I91: =ROUND(F91*H91,2) -> 38.85
A92: 3.6.7 | B92: SINAPI | C92: 89810 | D92: JOELHO 45 GRAUS, PVC, SERIE NORMAL, ESGOTO PREDIAL, DN 100 MM, JUNTA ELÁSTICA, FORNECIDO E INSTALADO EM PRUMADA DE ESGOTO SANITÁRIO OU VENTILAÇÃO. AF_08/2022 | E92: UN | F92: =VLOOKUP(A92,CALCULO!$A$5:$J$270,10,FALSE) -> 4 | G92: 32.09 | H92: =ROUND(G92*(1+$H$2),2) -> 41.89 | I92: =ROUND(F92*H92,2) -> 167.56
A93: 3.6.8 | B93: SICOR | C93: ED-49905 | D93: CAIXA DE DRENAGEM DE INSPEÇÃO/PASSAGEM EM ALVENARIA (30X30X30CM), REVESTIMENTO EM ARGAMASSA COM ADITIVO IMPERMEABILIZANTE, COM TAMPA EM GRELHA, INCLUSIVE ESCAVAÇÃO, REATERRO E TRANSPORTE COM RETIRADA DO MATERIAL ESCAVADO (EM CAÇAMBA) | E93: un | F93: =VLOOKUP(A93,CALCULO!$A$5:$J$270,10,FALSE) -> 1 | G93: 280.4 | H93: =ROUND(G93*(1+$H$2),2) -> 366.03 | I93: =ROUND(F93*H93,2) -> 366.03
A94: 3.6.9 | B94: SINAPI | C94: 102989 | D94: CANALETA MEIA CANA PRÉ-MOLDADA DE CONCRETO (D = 20 CM) - FORNECIMENTO E INSTALAÇÃO. AF_05/2025 | E94: M | F94: =VLOOKUP(A94,CALCULO!$A$5:$J$270,10,FALSE) -> 31.37 | G94: 54.12 | H94: =ROUND(G94*(1+$H$2),2) -> 70.65 | I94: =ROUND(F94*H94,2) -> 2216.29
A95: 3.7 | D95: PISO | I95: =SUM(I96:I99) -> 13012.15
A96: 3.7.1 | B96: SINAPI | C96: 97083 | D96: COMPACTAÇÃO MECÂNICA DE SOLO PARA EXECUÇÃO DE RADIER, PISO DE CONCRETO OU LAJE SOBRE SOLO, COM COMPACTADOR DE SOLOS A PERCUSSÃO. AF_09/2021 | E96: M2 | F96: =VLOOKUP(A96,CALCULO!$A$5:$J$270,10,FALSE) -> 139.44 | G96: 3.68 | H96: =ROUND(G96*(1+$H$2),2) -> 4.8 | I96: =ROUND(F96*H96,2) -> 669.31
A97: 3.7.2 | B97: SINAPI | C97: 94990 | D97: EXECUÇÃO DE PASSEIO (CALÇADA) OU PISO DE CONCRETO COM CONCRETO MOLDADO IN LOCO, FEITO EM OBRA, ACABAMENTO CONVENCIONAL, NÃO ARMADO. AF_08/2022 | E97: M3 | F97: =VLOOKUP(A97,CALCULO!$A$5:$J$270,10,FALSE) -> 6.98 | G97: 887.49 | H97: =ROUND(G97*(1+$H$2),2) -> 1158.53 | I97: =ROUND(F97*H97,2) -> 8086.54
A98: 3.7.3 | B98: SINAPI | C98: 94274 | D98: ASSENTAMENTO DE GUIA (MEIO-FIO) EM TRECHO CURVO, CONFECCIONADA EM CONCRETO PRÉ-FABRICADO, DIMENSÕES 100X15X13X30 CM (COMPRIMENTO X BASE INFERIOR X BASE SUPERIOR X ALTURA). AF_01/2024 | E98: M | F98: =VLOOKUP(A98,CALCULO!$A$5:$J$270,10,FALSE) -> 42.22 | G98: 70.81 | H98: =ROUND(G98*(1+$H$2),2) -> 92.44 | I98: =ROUND(F98*H98,2) -> 3902.82
A99: 3.7.4 | B99: SICOR | C99: ED-48216 | D99: ALVENARIA DE BLOCO DE CONCRETO CHEIO SEM ARMAÇÃO, EM CONCRETO COM FCK 15MPA , ESP. 14CM, PARA REVESTIMENTO, INCLUSIVE ARGAMASSA PARA ASSENTAMENTO (DETALHE D - CADERNO SEDS) | E99: m2 | F99: =VLOOKUP(A99,CALCULO!$A$5:$J$270,10,FALSE) -> 1.85 | G99: 146.37 | H99: =ROUND(G99*(1+$H$2),2) -> 191.07 | I99: =ROUND(F99*H99,2) -> 353.48
A100: 3.8 | D100: ESQUADRIAS | I100: =SUM(I101:I102) -> 5679.91
A101: 3.8.1 | B101: SICOR | C101: ED-23034 | D101: PORTA METÁLICA, TIPO DE ABRIR, COM UMA (1) FOLHA, EM CHAPA GALVANIZADA LAMBRIL, MODELO QUADRADO, INCLUSIVE PINTURA ANTICORROSIVA A BASE DE ÓXIDO DE FERRO (ZARCÃO), UMA (1) DEMÃO, FORNECIMENTO E ASSENTAMENTO, EXCLUSIVE FECHADURA E DOBRADIÇA | E101: m2 | F101: =VLOOKUP(A101,CALCULO!$A$5:$J$270,10,FALSE) -> 2.2 | G101: 418.67 | H101: =ROUND(G101*(1+$H$2),2) -> 546.53 | I101: =ROUND(F101*H101,2) -> 1202.37
...

Sheet CRONOGRAMA
A1: CRONOGRAMA FÍSICO-FINANCEIRO
A2: OBRA: 8ª ETAPA DA CONSTRUÇÃO DO PRÉDIO LEGISLATIVO DA CÂMARA MUNICIPAL DE JEQUITAÍ | H2: DATA: | I2: 46246
A3: LOCAL: PRAÇA JOSÉ BONIFÁCIO DE ANDRADA | H3: VALOR DA OBRA: | I3: =ORCAMENTO!I109 -> 252411.33
A4: ITEM | B4: DESCRIÇÃO | C4: VALOR | D4: MÊS 01 | F4: MÊS 02 | H4: MÊS 03
A5: =ORCAMENTO!A6 -> 1 | B5: =ORCAMENTO!D6 -> SERVIÇOS PRELIMINARES | C5: =ORCAMENTO!I6 -> 1474.28 | D5: =ROUND(E5*$C5,2) -> 1474.28 | E5: 1 | F5: =ROUND(G5*$C5,2) -> 0 | H5: =ROUND(I5*$C5,2) -> 0 | J5: =E5+G5+I5 -> 1
A6: =ORCAMENTO!A10 -> 2 | B6: =ORCAMENTO!D10 -> ÁREA INTERNA | C6: =ORCAMENTO!I10 -> 118887.55
A7: =ORCAMENTO!A11 -> 2.1 | B7: =ORCAMENTO!D11 -> PISO | C7: =ORCAMENTO!I11 -> 29937.27 | D7: =ROUND(E7*$C7,2) -> 14968.64 | E7: 0.5 | F7: =ROUND(G7*$C7,2) -> 14968.64 | G7: 0.5 | H7: =ROUND(I7*$C7,2) -> 0 | J7: =E7+G7+I7 -> 1
A8: =ORCAMENTO!A18 -> 2.2 | B8: =ORCAMENTO!D18 -> REVESTIMENTOS DE PAREDES | C8: =ORCAMENTO!I18 -> 21532.52 | D8: =ROUND(E8*$C8,2) -> 15072.76 | E8: 0.7 | F8: =ROUND(G8*$C8,2) -> 6459.76 | G8: 0.3 | H8: =ROUND(I8*$C8,2) -> 0 | J8: =E8+G8+I8 -> 1
A9: =ORCAMENTO!A21 -> 2.3 | B9: =ORCAMENTO!D21 -> INSTALAÇÕES ELÉTRICAS | C9: =ORCAMENTO!I21 -> 14228.55 | D9: =ROUND(E9*$C9,2) -> 4268.57 | E9: 0.3 | F9: =ROUND(G9*$C9,2) -> 7114.28 | G9: 0.5 | H9: =ROUND(I9*$C9,2) -> 2845.71 | I9: 0.2 | J9: =E9+G9+I9 -> 1
A10: =ORCAMENTO!A36 -> 2.4 | B10: =ORCAMENTO!D36 -> ESQUADRIAS | C10: =ORCAMENTO!I36 -> 18178.78 | D10: =ROUND(E10*$C10,2) -> 0 | F10: =ROUND(G10*$C10,2) -> 5453.63 | G10: 0.3 | H10: =ROUND(I10*$C10,2) -> 12725.15 | I10: 0.7 | J10: =E10+G10+I10 -> 1
A11: =ORCAMENTO!A40 -> 2.5 | B11: =ORCAMENTO!D40 -> FORRO | C11: =ORCAMENTO!I40 -> 9363.94 | D11: =ROUND(E11*$C11,2) -> 0 | F11: =ROUND(G11*$C11,2) -> 9363.94 | G11: 1 | H11: =ROUND(I11*$C11,2) -> 0 | J11: =E11+G11+I11 -> 1
A12: =ORCAMENTO!A43 -> 2.6 | B12: =ORCAMENTO!D43 -> PINTURA | C12: =ORCAMENTO!I43 -> 25646.49 | D12: =ROUND(E12*$C12,2) -> 0 | F12: =ROUND(G12*$C12,2) -> 0 | H12: =ROUND(I12*$C12,2) -> 25646.49 | I12: 1 | J12: =E12+G12+I12 -> 1
A13: =ORCAMENTO!A53 -> 3 | B13: =ORCAMENTO!D53 -> ÁREA EXTERNA | C13: =ORCAMENTO!I53 -> 132049.5
A14: =ORCAMENTO!A54 -> 3.1 | B14: =ORCAMENTO!D54 -> DEMOLIÇÕES E REMOÇÕES | C14: =ORCAMENTO!I54 -> 2865.39 | D14: =ROUND(E14*$C14,2) -> 2865.39 | E14: 1 | F14: =ROUND(G14*$C14,2) -> 0 | H14: =ROUND(I14*$C14,2) -> 0 | J14: =E14+G14+I14 -> 1
A15: =ORCAMENTO!A60 -> 3.2 | B15: =ORCAMENTO!D60 -> INFRAESTRUTURA | C15: =ORCAMENTO!I60 -> 39186.95 | D15: =ROUND(E15*$C15,2) -> 39186.95 | E15: 1 | F15: =ROUND(G15*$C15,2) -> 0 | H15: =ROUND(I15*$C15,2) -> 0 | J15: =E15+G15+I15 -> 1
A16: =ORCAMENTO!A71 -> 3.3 | B16: =ORCAMENTO!D71 -> SUPRAESTRUTURA | C16: =ORCAMENTO!I71 -> 23405.34 | D16: =ROUND(E16*$C16,2) -> 0 | F16: =ROUND(G16*$C16,2) -> 14043.2 | G16: 0.6 | H16: =ROUND(I16*$C16,2) -> 9362.14 | I16: 0.4 | J16: =E16+G16+I16 -> 1
A17: =ORCAMENTO!A76 -> 3.4 | B17: =ORCAMENTO!D76 -> ALVENARIA E REVESTIMENTOS | C17: =ORCAMENTO!I76 -> 19147.86 | D17: =ROUND(E17*$C17,2) -> 0 | F17: =ROUND(G17*$C17,2) -> 15318.29 | G17: 0.8 | H17: =ROUND(I17*$C17,2) -> 3829.57 | I17: 0.2 | J17: =E17+G17+I17 -> 1
A18: =ORCAMENTO!A80 -> 3.5 | B18: =ORCAMENTO!D80 -> INSTALAÇÕES ELÉTRICAS | C18: =ORCAMENTO!I80 -> 740.71 | D18: =ROUND(E18*$C18,2) -> 0 | F18: =ROUND(G18*$C18,2) -> 0 | H18: =ROUND(I18*$C18,2) -> 740.71 | I18: 1 | J18: =E18+G18+I18 -> 1
A19: =ORCAMENTO!A85 -> 3.6 | B19: =ORCAMENTO!D85 -> COBERTURA E DRENAGEM | C19: =ORCAMENTO!I85 -> 14717.35 | D19: =ROUND(E19*$C19,2) -> 0 | F19: =ROUND(G19*$C19,2) -> 0 | H19: =ROUND(I19*$C19,2) -> 14717.35 | I19: 1 | J19: =E19+G19+I19 -> 1
A20: =ORCAMENTO!A95 -> 3.7 | B20: =ORCAMENTO!D95 -> PISO | C20: =ORCAMENTO!I95 -> 13012.15 | D20: =ROUND(E20*$C20,2) -> 2602.43 | E20: 0.2 | F20: =ROUND(G20*$C20,2) -> 10409.72 | G20: 0.8 | H20: =ROUND(I20*$C20,2) -> 0 | J20: =E20+G20+I20 -> 1
A21: =ORCAMENTO!A100 -> 3.8 | B21: =ORCAMENTO!D100 -> ESQUADRIAS | C21: =ORCAMENTO!I100 -> 5679.91 | D21: =ROUND(E21*$C21,2) -> 0 | F21: =ROUND(G21*$C21,2) -> 0 | H21: =ROUND(I21*$C21,2) -> 5679.91 | I21: 1 | J21: =E21+G21+I21 -> 1
A22: =ORCAMENTO!A103 -> 3.9 | B22: =ORCAMENTO!D103 -> PINTURA | C22: =ORCAMENTO!I103 -> 13293.84 | D22: =ROUND(E22*$C22,2) -> 0 | F22: =ROUND(G22*$C22,2) -> 0 | H22: =ROUND(I22*$C22,2) -> 13293.84 | I22: 1 | J22: =E22+G22+I22 -> 1
A23: VALOR / PORCENTAGEM MENSAL | D23: =SUM(D5:D22) -> 80439.02 | E23: =D23/$I$3 -> 0.31868229 | F23: =SUM(F5,F7:F12,F14:F22) -> 83131.46 | G23: =F23/$I$3 -> 0.32934916 | H23: =SUM(H5,H7:H12,H14:H22) -> 88840.87 | I23: =H23/$I$3 -> 0.35196863
A24: VALOR / PORCENTAGEM ACUMULADA | D24: =D23 -> 80439.02 | E24: =D24/$I$3 -> 0.31868229 | F24: =D24+F23 -> 163570.48 | G24: =F24/$I$3 -> 0.64803145 | H24: =F24+H23 -> 252411.35 | I24: =H24/$I$3 -> 1.0000001
A25: RESPONSÁVEL TÉCNICO: | E25: RESPONSÁVEL LEGAL:
A26: _____________________________________ GERALDO DIAS PEREIRA JÚNIOR ENGENHEIRO CIVIL CREA-MG 248.562/D | E26: _____________________________________ CÂMARA MUNICIPAL DE JEQUITAÍ CNPJ nº 00.086.457/0001-60
